 Dungeon Crawl Stone Soup version bcrawl-1.22 (webtiles) character file.

Game seed: 2315764056698980377

100 Morbidden the Sneak (level 4, 0/26 HPs)
             Began as a Vine Stalker Archaeologist on May 21, 2020.
             Succumbed to a scorpion's poison
             ... on level 2 of the Dungeon.
             The game lasted 00:04:00 (1555 turns).

Morbidden the Sneak (Vine Stalker Archaeologist)    Turns: 1555, Time: 00:04:00

Health: 0/26       AC:  8    Str: 15    XL:     4   Next: 73%
Magic:  5/5        EV: 13    Int: 14    God:
Gold:   85         SH:  0    Dex: 12    Spells: 3/3 levels left

rFire    . . .     SeeInvis .     - Unarmed
rCold    . . .     Gourm    .   (no shield)
rNeg     . . .     Faith    .   b - +1 robe
rPois    .         Spirit   .   k - +2 helmet
rElec    .         Reflect  .   (no cloak)
rCorr    .         Harm     .   (no gloves)
MR       .....                  d - +1 pair of boots
Stlth    +++.......             (no amulet)
HPRegen  0.48/turn              (no ring)
MPRegen  0.09/turn              (no ring)

@: lethally poisoned (0 -> -4), swift, flying, quick
A: fangs 2, regeneration 1, no potion heal 3, rot immunity, strong jaws
a: no special abilities


You were on level 2 of the Dungeon.
You were hungry.

You visited 1 branch of the dungeon, and saw 2 of its levels.

You collected 85 gold pieces.

Inventory:

Missiles
 j - 94 javelins (quivered)
Armour
 b - a +1 robe (worn)
 d - a +1 pair of boots (worn)
 k - a +2 helmet (worn)
 p - a +0 leather armour
Scrolls
 c - a scroll of enchant weapon {unknown}
 g - 3 scrolls of magic mapping
 i - a scroll of amnesia {unknown}
 m - a scroll of fog {unknown}
 o - a scroll of blinking {unknown}
Potions
 h - 3 potions of heal wounds
Miscellaneous
 f - a dusty tome
Comestibles
 a - 3 chunks of flesh
 e - 7 rations {!d}


   Skills:
 * Level 1.7 Fighting
   Level 0.8 Maces & Flails
 + Level 3.7 Dodging
 + Level 5.2 Stealth
 + Level 2.2 Unarmed Combat


You had 3 spell levels left.
You didn't know any spells.
Your spell library was empty.

Dungeon Overview and Level Annotations

Branches:
Dungeon (2/12)

Altars:
Okawaru


Innate Abilities, Weirdness & Mutations

You have extremely sharp teeth.
Your natural rate of healing is unusually fast.
Potions cannot restore your health.
You are immune to rotting.
Your bites deal extra damage.


Message History

You feel sick.
* * * LOW HITPOINT WARNING * * *
You feel sick.
It was a potion of cancellation.
You feel magically purged.
* * * LOW HITPOINT WARNING * * *
You feel sick.
The scorpion stings you but does no damage.
It was a potion of flight.
You feel very buoyant.
You fly up into the air.
* * * LOW HITPOINT WARNING * * *
You feel sick.
The scorpion stings you but does no damage.
* * * LOW HITPOINT WARNING * * *
You feel sick.
* * * LOW HITPOINT WARNING * * *
You feel sick.
* * * LOW HITPOINT WARNING * * *
You feel sick.
You die...

########.###### ##.#####
#.......<.....######......#
##.#####...)...............#
#........)####.######......#
#.........## #.# ##.##.###
#....[.....# #.# #.##....
#........#.###.#######.######
#.......<............(.#
#...........@...##.#####
#.รท...#..#.##...##.#
##.#.###.#.##...##.#
#.##.#.....#s..##.######
#..............##......#
#.###.##...#.#.#######.#
#.###.###.##...# #.#
#.##...##.##.### #.#
#.##......##.#########.#####


You could see a scorpion.

Vanquished Creatures
  3 adders (D:2)
  2 oozes (D:1)
  2 worms (D:2)
  2 dart slugs (D:1)
  2 leopard geckos
  2 ball pythons
  2 giant cockroaches
  4 goblins
  9 hobgoblins
  2 jackals (D:2)
  13 kobolds
  3 bats (D:1)
  A frilled lizard (D:1)
  4 rats
51 creatures vanquished.

Notes
Turn   | Place    | Note
-------+----------+-------------------------------------------
     0 | D:1      | Morbidden the Vine Stalker Archaeologist began the quest
                  | for the Orb.
     0 | D:1      | Reached XP level 1. HP: 11/11 MP: 2/2
    26 | D:1      | Reached skill level 1 in Fighting
    45 | D:1      | Reached XP level 2. HP: 16/16 MP: 3/3
   163 | D:1      | Reached skill level 5 in Stealth
   231 | D:1      | Reached XP level 3. HP: 20/20 MP: 4/4
   396 | D:1      | Reached skill level 1 in Unarmed Combat
  1033 | D:2      | Reached XP level 4. HP: 22/25 MP: 5/5
  1046 | D:2      | Found an iron altar of Okawaru.
  1554 | D:2      | HP: 1/26 [poisoned by a scorpion]
  1555 | D:2      | Succumbed to a scorpion's poison

Skill      XL: |  1  2  3  4 |
---------------+-------------+-----
Fighting       | 1 |  1.7
Stealth        | 5 |  5.2
Unarmed Combat | 1 2 |  2.2
Maces & Flails | |  0.8
Dodging        | |  3.7

Action                   |  1- 3 |  4- 6 || total
-------------------------+-------+-------++-------
Melee: Unarmed           |   229 |    76 ||   305
       Bite              |    22 |    11 ||    33
       Punch             |     1 |     1 ||     2
Throw: Javelin           |     5 |     2 ||     7
  Use: Potion            |       |     3 ||     3
 Stab: Sleeping          |     9 |     4 ||    13
  Eat: Chunk             |     1 |     1 ||     2
Armor: Robe              |    71 |    23 ||    94
Dodge: Dodged            |   141 |    42 ||   183
